 Dungeon Crawl Stone Soup version 0.27.0-1-g7a089689b8 (webtiles) character file.

Game seed: 4192738873935929590

7 SnakkuSnakku7 the Conjurer (level 1, -4/13 HPs)
             Began as a Vampire Conjurer on Aug 15, 2021.
             Slain by an adder (5 damage)
             ... on level 2 of the Dungeon.
             The game lasted 00:00:35 (236 turns).

SnakkuSnakku7 the Conjurer (Vampire Conjurer)        Turns: 236, Time: 00:00:36

Health: -4/13      AC:  2    Str:  6    XL:     1   Next: 91%
Magic:  0/3        EV: 12    Int: 20    God:
Gold:   17         SH:  0    Dex: 12    Spells: 3/4 levels left

rFire    . . .     SeeInvis +   e - +0 spear
rCold    . . .     Faith    .   (no shield)
rNeg     . . .     Spirit   .   a - +0 robe
rPois    .         Reflect  .   (no helmet)
rElec    .         Harm     .   (no cloak)
rCorr    .         Rampage  .   (no gloves)
Will     .....                  (no boots)
Stlth    ++........             (no amulet)
HPRegen  0.24/turn              (no ring)
MPRegen  0.08/turn              (no ring)

@: healing quickly
A: alive, fangs 3, see invisible, vampiric 1
a: Exsanguinate


You were on level 2 of the Dungeon.
You visited 1 branch of the dungeon, and saw 2 of its levels.

You collected 17 gold pieces.

Inventory:

Hand Weapons
 e - a +0 spear (weapon)
Armour
 a - a +0 robe (worn)
Scrolls
 b - 2 scrolls of identify {unknown}
 c - a scroll of summoning {unknown}
Potions
 d - a potion of might {unknown}


   Skills:
 - Level 2.1 Dodging
 - Level 3.0 Stealth
 - Level 2.0 Spellcasting
 + Level 3.3 Conjurations


You had 3 spell levels left.
You knew the following spells:

 Your Spells              Type           Power      Damage    Failure   Level
a - Magic Dart            Conj           60%        1d6       4%          1

Your spell library contained the following spells:

 Spells                   Type           Power      Damage    Failure   Level
 Searing Ray              Conj           30%        3d4       6%          2
 Dazzling Flash           Conj/Hex       16%        N/A       24%         3
 Fulminant Prism          Conj/Hex       4%         3d6       63%         4
 Iskenderun's Mystic Bla  Conj/Tloc      8%         2d4       63%         4


Dungeon Overview and Level Annotations

Branches:
Dungeon (1/15)

Altars:


Innate Abilities, Weirdness & Mutations

Your natural rate of healing is accelerated.
You have razor-sharp teeth.
You have supernaturally acute eyesight. (SInv)
You are afflicted with vampirism.


Message History

Press: ? - help, Q - select action Shift-Dir - straight line, f - ball python
Aim: a ball python (100% to hit)
The magic dart hits the ball python.
The ball python is moderately wounded.
Unknown command.
You see here 17 gold pieces.
Aiming: Magic Dart (safe; 4% risk of failure)
Press: ? - help, Q - select action Shift-Dir - straight line, f/p - ball python
Aim: a ball python (100% to hit)
The magic dart hits the ball python.
You kill the ball python!
No target in view!
You now have 17 gold pieces.
You open the door.
A worm comes into view.
There is an open door here.
You close the door.
An adder comes into view.
The adder bites you.
Aiming: Magic Dart (safe; 4% risk of failure)
Press: ? - help, Q - select action Shift-Dir - straight line, f - adder
Aim: an adder (100% to hit)
The magic dart hits the adder.
The adder is severely wounded.
The adder closely misses you.
Aiming: Magic Dart (safe; 4% risk of failure)
Press: ? - help, Q - select action Shift-Dir - straight line, f/p - adder
Aim: an adder (severely wounded, 100% to hit)
The magic dart hits the adder.
The adder is almost dead.
The adder bites you. The adder bites you.
* * * LOW HITPOINT WARNING * * *
Aiming: Magic Dart (safe; 4% risk of failure)
Press: ? - help, Q - select action Shift-Dir - straight line, f/p - adder
Aim: an adder (severely wounded, 100% to hit)
The magic dart hits the adder.
The adder is almost dead.
The adder bites you.
You die...

### ##############.....
..........S@.......
##.....######....# #.....#
..+ ##### #.....# # #....
#.....# .# #....
#.....######+#..#.. #..w.
#.....##...........
##....##.....##........#.#
......+...................


You could see an adder.

Vanquished Creatures
  A giant cockroach (D:2)
  A goblin (D:1)
  A hobgoblin (D:1)
  A kobold (D:1)
  2 ball pythons
6 creatures vanquished.

Notes
Turn   | Place    | Note
-------+----------+-------------------------------------------
     0 | D:1      | SnakkuSnakku7 the Vampire Conjurer began the quest for the
                  | Orb.
     0 | D:1      | Reached XP level 1. HP: 13/13 MP: 3/3
    68 | D:1      | Found a faded altar of an unknown god.
   183 | D:1      | You fall into a shaft and drop 1 floor!
   236 | D:2      | Slain by an adder

Illustrated notes

Levels and vault maps discovered:
D:1:      amcnicky_arrival_blooded_trapdoor, layout_loops_cross,
          hellmonk_ecumenical_altar_lost_god
D:2:      layout_basic

Skill      XL: |  1 |
---------------+----+-----
Conjurations   | 3 |  3.3
Dodging        | |  2.1
Stealth        | |  3.0
Spellcasting   | |  2.0

Action                   || total
-------------------------++-------
Melee: Spear             ||     3
 Cast: Magic Dart        ||    12
 Stab: Sleeping          ||     1
Armor: Robe              ||     1
Dodge: Dodged            ||     2
